 Dungeon Crawl Stone Soup version 0.30-a0-457-g4b7bca3bfa (webtiles) character file.

Game seed: 2762037201835417260

8570 jfcaron the Nimble (level 11, -3/84 HPs)
             Began as a Gnoll Hexslinger on Dec 11, 2022.
             Was a High Priest of Cheibriados.
             Killed by vampiric draining
             ... invoked by a vampire
              (18 damage)
             ... on level 9 of the Dungeon on Dec 14, 2022.
             The game lasted 00:57:20 (10560 turns).

jfcaron the Nimble (Gnoll Hexslinger)              Turns: 10560, Time: 00:57:21

Health: -3/84      AC: 11    Str: 25    XL:     11   Next: 32%
Magic:  24/26      EV: 15    Int: 27    God:    Cheibriados [*****.]
Gold:   455        SH: 12    Dex: 26    Spells: 11/24 levels left

rFire   . . .      SeeInvis +    K - +1 whip (flame)
rCold   . . .      Faith    +    h - +0 kite shield
rNeg    . . .      Spirit   .    c - +4 scale mail
rPois   .          Reflect  .    (no helmet)
rElec   .          Harm     .    H - scarf {+Inv}
rCorr   .          Rampage  .    (no gloves)
Will    +....                    (no boots)
Stlth   +++.......               G
                                   - Hermit's Pendant {Faith Invo=14 Evo=0 MP+5}
HPRegen 0.34/turn                B - ring of willpower
MPRegen 0.20/turn                i - ring of see invisible

@: freezing walls, very slow
A: fangs 1, strong nose, distributed training
a: Renounce Religion, Evoke Invisibility, Bend Time, Temporal Distortion,
Slouch, Step From Time


You were on level 9 of the Dungeon.
You worshipped Cheibriados.
Cheibriados was extremely pleased with you.
You visited 2 branches of the dungeon, and saw 10 of its levels.
You also visited: Sewer and Bailey.

You collected 455 gold pieces.

Inventory:

Hand Weapons
 a - a +1 sling
 b - a +0 dagger
 j - a +0 rapier
 q - a +4 hand axe
 t - a +0 flail of draining
 F - a +0 trident of venom
 K - a +1 whip of flaming (weapon)
Missiles
 f - 29 javelins
 g - 9 boomerangs (quivered)
 k - 19 stones
 N - a throwing net {!f}
Armour
 c - a +4 scale mail (worn)
 h - a +0 kite shield (worn)
 H - a scarf of invisibility (worn)
Magical Staves
 x - a staff of poison
Jewellery
 e - a +4 ring of evasion
 i - a ring of see invisible (right hand)
 B - a ring of willpower (left hand)
 C - a ring of flight
 G - the Hermit's Pendant (around neck) {Faith Invo=14 Evo=0 MP+5}
   (You found it on level 7 of the Dungeon)

   [amulet of faith]

   It sets your invocations skill to 14 and your evocations skill to 0.
   It allows you to gain divine favour quickly.
   MP:        It affects your magic capacity (+5).
Wands
 M - a wand of digging (6)
Scrolls
 d - 2 scrolls of teleportation
 m - a scroll of poison
 n - 2 scrolls of vulnerability
 p - 2 scrolls of amnesia
 u - 3 scrolls of enchant armour
 w - 4 scrolls of blinking
 y - a scroll of immolation
 D - a scroll of magic mapping
 L - a scroll of fog {unknown}
Potions
 l - 2 potions of flight
 o - 2 potions of magic
 r - 2 potions of attraction
 s - 3 potions of lignification
 z - a potion of invisibility
 A - 4 potions of brilliance
 E - 2 potions of curing
 I - a potion of mutation
 J - a potion of cancellation
 O - a potion of might {unknown}
Miscellaneous
 v - a box of beasts


   Skills:
 + Level 7.0 Fighting
 + Level 6.4 Short Blades
 + Level 6.4 Long Blades
 + Level 6.4 Axes
 + Level 6.4 Maces & Flails
 + Level 6.4 Polearms
 + Level 6.4 Staves
 + Level 8.0 Ranged Weapons
 + Level 6.4 Throwing
 + Level 6.4 Armour
 + Level 8.0 Dodging
 + Level 6.4 Stealth
 + Level 6.4 Shields
 + Level 6.4 Unarmed Combat
 + Level 7.1 Spellcasting
 + Level 5.3 Conjurations
 + Level 7.7 Hexes
 + Level 5.3 Summonings
 + Level 5.3 Necromancy
 + Level 5.3 Translocations
 + Level 5.3 Transmutations
 + Level 5.3 Fire Magic
 + Level 5.3 Ice Magic
 + Level 5.3 Air Magic
 + Level 5.3 Earth Magic
 + Level 5.3 Poison Magic
 + Level 7.0(14.0) Invocations
 + Level 6.4(0.0) Evocations


You had 11 spell levels left.
You knew the following spells:

 Your Spells              Type           Power      Damage    Failure   Level
a - Slow                  Hex            100%       N/A       1%          1
b - Tukima's Dance        Hex            51%        N/A       4%          3
c - Necrotise             Necr           100%       1d9       3%          1
d - Passwall              Tmut/Erth      31%        N/A       6%          2
e - Ensorcelled Hibernat  Hex/Ice        88%        N/A       3%          2
f - Frozen Ramparts       Ice            76%        1d12      12%         3
g - Apportation           Tloc           76%        N/A       3%          1

Your spell library contained the following spells:

 Spells                   Type           Power      Damage    Failure   Level
 Freeze                   Ice            100%       1d10      3%          1
 Summon Small Mammal      Summ           100%       N/A       3%          1
 Confusing Touch          Hex            51%        N/A       4%          3
 Dazzling Flash           Conj/Hex       88%        N/A       7%          3
 Inner Flame              Hex/Fire       44%        N/A       7%          3
 Portal Projectile        Hex/Tloc       88%        N/A       7%          3
 Hailstorm                Conj/Ice       38%        3d9       12%         3
 Swiftness                Air            38%        N/A       12%         3
 Vampiric Draining        Necr           38%        2d8       12%         3
 Cause Fear               Hex            25%        N/A       14%         4
 Iskenderun's Mystic Bla  Conj/Tloc      38%        2d9       36%         4
 Summon Ice Beast         Ice/Summ       38%        N/A       36%         4
 Summon Mana Viper        Hex/Summ       44%        N/A       54%         5
 Blade Hands              Tmut           19%        N/A       71%         5
 Fireball                 Conj/Fire      19%        3d9       71%         5
 Iskenderun's Battlesphe  Conj           38%        2d9       71%         5
 Conjure Ball Lightning   Conj/Air       19%        3x3d6     99%         6
 Starburst                Conj/Fire      19%        6d7       99%         6
 Monstrous Menagerie      Summ           19%        N/A       100%        7
 Orb of Destruction       Conj           19%        9d8       100%        7


Dungeon Overview and Level Annotations

Branches:
Dungeon (9/15)             Temple (1/1) D:5            Lair (0/5) D:8
  Sewer (visited)          Bailey (visited)
    Orc: D:9-12

Altars:
Ashenzari
Cheibriados
Dithmenos
Elyvilon
Fedhas
Gozag
Kikubaaqudgha
Makhleb
Nemelex Xobeh
Okawaru
Qazlal
Ru
Sif Muna
Trog
Uskayaw
Vehumet
Wu Jian
Xom
Yredelemnul
Zin
The Shining One

Annotations:
D:7 3 runed translucent doors, Sabo's ghost, novice DsBe


Innate Abilities, Weirdness & Mutations

You have very sharp teeth.
Your uncanny sense of smell can sniff out nearby items.
Your experience applies equally to all skills.


Message History

The walls around you are covered in ice.
The vampire resists.
The wall freezes the vampire.
The vampire misses you. You block the vampire's attack.
You hit the vampire. You burn the vampire.
The vampire is lightly damaged.
You hit the vampire but do no damage. Your bite misses the vampire.
The vampire is lightly damaged.
The vampire resists.
The wall freezes the vampire.
The vampire gestures at you while chanting.
You resist with almost no effort.
You hit the vampire but do no damage. Your bite misses the vampire.
The vampire is moderately damaged.
The vampire resists.
The wall freezes the vampire.
The vampire hits you. You block the vampire's attack.
You hit the vampire. You burn the vampire.
The vampire is moderately damaged.
The wall freezes the vampire but does no damage.
You block the vampire's attack. x2
You hit the vampire. You burn the vampire.
You bite the vampire, but do no damage.
The vampire is heavily damaged.
The vampire resists.
The wall freezes the vampire.
The vampire barely misses you. You block the vampire's attack.
You whack the vampire! You burn the vampire.
The vampire is almost destroyed.
The vampire resists.
The wall freezes the vampire.
The vampire draws life force from you!
The vampire is healed by the life force!
You hit the vampire. You burn the vampire.
You bite the vampire, but do no damage.
The vampire is almost destroyed.
The vampire resists.
The wall freezes the vampire.
The vampire draws life force from you!!
* * * LOW HITPOINT WARNING * * *
The vampire is healed by the life force!
You closely miss the vampire.
The vampire is heavily damaged.
The vampire resists.
The wall freezes the vampire.
The vampire draws life force from you!!
You die...

,*******,,*,****#.####...,***
,* *,*,** #.#......,,,* ,*
**,*,* #......,,,,,*
,******,,,,* #....,,,,,,,*
,**,,,,,,∆,* #..#**,,,*,**
,**,***,,..######.#* *****,*
∆**,* **,#........# **∆∆,,,*
,**,** *,#######V## *,,*****
,*,*,***,* #@# **,**
,<#*#,,,∆* #.# *,,* *****
##.#.***** #.# *,,* *,,,*
.##.#* ##.##*,,* *,_,* ..#.#
#######...#*,,* *,,,* ..#.#
#........<#*,,****,,* ..#.#
#.#####...#*,,,**,,,* [##<#
#.# ##.##*∆,,,,,,,*
)[..#####.# #.# **,,,,,,**


You could see a vampire (invisible).

Vanquished Creatures
  3 two-headed ogres
  Pikel (D:7)
  A manticore (D:7)
  An elephant (D:8)
  3 meliai (D:8)
  A wyvern (D:8)
  12 dancing weapons
  2 basilisks (D:8)
  A human (D:8)
  A steam dragon (D:7)
  2 ice beasts
  13 orc warriors
  A sky beast (D:6)
  16 centaurs
  3 necrophages (D:7)
  7 bullfrogs
  A scorpion (D:7)
  6 orc priests
  A gnoll bouda (D:8)
  A hound (D:6)
  4 orc wizards
  6 iguanas
  5 gnolls (D:8)
  15 adders
  A shadow imp (D:5)
  5 white imps
  An ufetubus (D:5)
  A worm (D:3)
  4 dart slugs
  46 orcs
  13 ball pythons
  5 bats
  18 endoplasms
  12 giant cockroaches
  5 goblins
  14 hobgoblins
  3 jackals (D:1)
  13 quokkas
  7 frilled lizards (Sewer)
  A goblin skeleton (D:8)
  A goblin zombie (D:8)
  3 kobolds
  4 rats
  A fungus (D:8)
265 creatures vanquished.

Notes
Turn   | Place    | Note
-------+----------+-------------------------------------------
     0 | D:1      | jfcaron the Gnoll Hexslinger began the quest for the Orb.
     0 | D:1      | Reached XP level 1. HP: 17/17 MP: 4/4
   124 | D:1      | Reached XP level 2. HP: 23/23 MP: 5/5
   138 | D:1      | You fall into a shaft and drop 1 floor!
   344 | D:1      | Reached XP level 3. HP: 25/28 MP: 7/7
   520 | D:1      | Reached skill level 1 in Invocations
   827 | D:2      | Learned a level 3 spell: Tukima's Dance
  1332 | D:3      | Reached skill level 1 in Short Blades
  1332 | D:3      | Reached skill level 1 in Long Blades
  1332 | D:3      | Reached skill level 1 in Axes
  1332 | D:3      | Reached skill level 1 in Maces & Flails
  1332 | D:3      | Reached skill level 1 in Polearms
  1332 | D:3      | Reached skill level 1 in Staves
  1332 | D:3      | Reached skill level 1 in Throwing
  1332 | D:3      | Reached skill level 1 in Armour
  1332 | D:3      | Reached skill level 1 in Stealth
  1332 | D:3      | Reached skill level 1 in Shields
  1332 | D:3      | Reached skill level 1 in Unarmed Combat
  1332 | D:3      | Reached skill level 1 in Evocations
  1490 | D:3      | Reached XP level 4. HP: 34/34 MP: 8/8
  2015 | D:4      | Reached skill level 1 in Conjurations
  2015 | D:4      | Reached skill level 1 in Summonings
  2015 | D:4      | Reached skill level 1 in Necromancy
  2015 | D:4      | Reached skill level 1 in Translocations
  2015 | D:4      | Reached skill level 1 in Transmutations
  2015 | D:4      | Reached skill level 1 in Fire Magic
  2015 | D:4      | Reached skill level 1 in Ice Magic
  2015 | D:4      | Reached skill level 1 in Air Magic
  2015 | D:4      | Reached skill level 1 in Earth Magic
  2015 | D:4      | Reached skill level 1 in Poison Magic
  2029 | D:4      | Reached XP level 5. HP: 27/40 MP: 9/9
  2796 | D:5      | Entered Level 5 of the Dungeon
  2840 | D:5      | HP: 8/41 [white imp/puff of frost (10)]
  2859 | D:5      | Found a staircase to the Ecumenical Temple.
  2889 | Temple   | Entered the Ecumenical Temple
  3000 | Temple   | Upgraded the game from 0.30-a0-439-g9e77e4d916 to
                  | 0.30-a0-457-g4b7bca3bfa
  3004 | Temple   | Became a worshipper of Cheibriados the Contemplative
  3041 | D:5      | Noticed an ice beast
  3057 | D:5      | Killed an ice beast
  3058 | D:5      | Reached skill level 5 in Ranged Weapons
  3058 | D:5      | Reached skill level 5 in Dodging
  3058 | D:5      | Reached XP level 6. HP: 21/47 MP: 9/11
  3083 | D:5      | Found a glowing drain.
  3112 | Sewer    | Entered a sewer
  3126 | Sewer    | Learned a level 1 spell: Necrotise
  3305 | Sewer    | Reached * piety under Cheibriados
  3697 | Sewer    | Reached ** piety under Cheibriados
  3915 | Sewer    | Reached XP level 7. HP: 47/52 MP: 12/12
  4044 | Sewer    | Learned a level 2 spell: Passwall
  4047 | Sewer    | Learned a level 2 spell: Ensorcelled Hibernation
  4221 | D:5      | HP: 9/52 [orc priest/divine providence (11)]
  4620 | D:5      | Reached *** piety under Cheibriados
  5368 | D:6      | Reached XP level 8. HP: 47/60 MP: 9/14
  5481 | D:6      | HP: 7/60 [orc priest/divine providence (13)]
  5500 | D:6      | HP: 6/60 [orc warrior (7)]
  5507 | D:6      | HP: 6/60 [orc warrior (2)]
  6576 | D:7      | Reached XP level 9. HP: 66/66 MP: 10/16
  6591 | D:7      | Reached skill level 5 in Spellcasting
  6599 | D:7      | HP: 7/67 [steam dragon/ball of steam (14)]
  6896 | D:7      | Found a runed translucent gate.
  6896 | D:7      | Found a runed translucent gate.
  6906 | D:7      | Reached skill level 5 in Fighting
  6923 | D:7      | Found a runed translucent gate.
  6924 | D:7      | Noticed Sabo's ghost (novice DsBe)
  6955 | D:7      | Reached **** piety under Cheibriados
  7219 | D:7      | Found a faded altar of an unknown god.
  7219 | D:7      | Noticed a manticore
  7219 | D:7      | Found the Hermit's Pendant {Faith Invo=14 Evo=0 MP+5}
  7238 | D:7      | Killed a manticore
  7239 | D:7      | Reached skill level 5 in Invocations
  7539 | D:8      | Noticed Pikel
  7577 | D:7      | Killed Pikel
  7653 | D:8      | Noticed a two-headed ogre
  7662 | D:8      | Killed a two-headed ogre
  7663 | D:8      | Reached skill level 5 in Short Blades
  7663 | D:8      | Reached skill level 5 in Long Blades
  7663 | D:8      | Reached skill level 5 in Axes
  7663 | D:8      | Reached skill level 5 in Maces & Flails
  7663 | D:8      | Reached skill level 5 in Polearms
  7663 | D:8      | Reached skill level 5 in Staves
  7663 | D:8      | Reached skill level 5 in Throwing
  7663 | D:8      | Reached skill level 5 in Armour
  7663 | D:8      | Reached skill level 5 in Stealth
  7663 | D:8      | Reached skill level 5 in Shields
  7663 | D:8      | Reached skill level 5 in Unarmed Combat
  7663 | D:8      | Reached skill level 5 in Evocations
  7663 | D:8      | Reached XP level 10. HP: 62/76 MP: 13/20
  7782 | D:8      | Found a runed translucent door.
  7786 | D:8      | Found a basalt altar of Yredelemnul.
  7850 | D:8      | Noticed a two-headed ogre
  8285 | D:8      | Killed a two-headed ogre
  8290 | D:8      | Noticed an elephant
  8309 | D:8      | Killed an elephant
  8358 | D:8      | Found a staircase to the Lair.
  8516 | D:8      | Found an ornate altar of the Wu Jian Council.
  8517 | D:8      | Found a stormy altar of Qazlal.
  8537 | D:8      | HP: 10/77 [meliai (7)]
  8804 | D:8      | Found an iron altar of Okawaru.
  8862 | D:8      | Learned a level 3 spell: Frozen Ramparts
  8939 | D:9      | Noticed a two-headed ogre
  8950 | D:9      | Killed a two-headed ogre
  8951 | D:9      | Reached skill level 5 in Conjurations
  8951 | D:9      | Reached skill level 5 in Summonings
  8951 | D:9      | Reached skill level 5 in Necromancy
  8951 | D:9      | Reached skill level 5 in Translocations
  8951 | D:9      | Reached skill level 5 in Transmutations
  8951 | D:9      | Reached skill level 5 in Fire Magic
  8951 | D:9      | Reached skill level 5 in Ice Magic
  8951 | D:9      | Reached skill level 5 in Air Magic
  8951 | D:9      | Reached skill level 5 in Earth Magic
  8951 | D:9      | Reached skill level 5 in Poison Magic
  8951 | D:9      | Reached XP level 11. HP: 65/83 MP: 13/21
  8959 | D:9      | Found a flagged portal.
  9035 | Bailey   | Entered a bailey
  9197 | Bailey   | Learned a level 1 spell: Apportation
  9502 | Bailey   | Reached ***** piety under Cheibriados
 10559 | D:9      | HP: 15/84 [vampire/vampiric draining (21)]
 10560 | D:9      | Killed from afar by a vampire

Illustrated notes

Levels and vault maps discovered:
D:1:      minmay_arrival_four_loops, layout_loops_ring
D:2:      layout_loops_cross, minmay_tetromino_o2
D:3:      layout_rooms
D:4:      layout_basic
D:5:      layout_cave_pods, temple_pool_b, gup_sewer_entry_pipe,
          minmay_misc_feat_chi
D:6:      layout_loops_ring
D:7:      layout_rooms, gammafunk_ghost_necromancy,
          hellmonk_guarded_unrand_hermit
D:8:      layout_gridville, kennysheep_mini, nicolae_overflow_squiral,
          dk_yredelemnul_ordeal, david_lair_generic, uniq_pikel
D:9:      layout_loops_ring, nicolae_hepliaklqana_hippocampus, enter_bailey_4
Temple:   nicolae_temple_bog_church

Skill      XL: |  1  2  3  4  5  6  7  8  9 10 11 |
---------------+----------------------------------+-----
Invocations    | 1 2 3 4 5 6 7 |  7.0
Short Blades   | 1 2 3 5 6 |  6.4
Long Blades    | 1 2 3 5 6 |  6.4
Axes           | 1 2 3 5 6 |  6.4
Maces & Flails | 1 2 3 5 6 |  6.4
Polearms       | 1 2 3 5 6 |  6.4
Staves         | 1 2 3 5 6 |  6.4
Throwing       | 1 2 3 5 6 |  6.4
Armour         | 1 2 3 5 6 |  6.4
Stealth        | 1 2 3 5 6 |  6.4
Shields        | 1 2 3 5 6 |  6.4
Unarmed Combat | 1 2 3 5 6 |  6.4
Evocations     | 1 2 3 5 6 |  6.4
Spellcasting   | 3 4 5 6 7 |  7.1
Conjurations   | 1 2 3 4 5 |  5.3
Summonings     | 1 2 3 4 5 |  5.3
Necromancy     | 1 2 3 4 5 |  5.3
Translocations | 1 2 3 4 5 |  5.3
Transmutations | 1 2 3 4 5 |  5.3
Fire Magic     | 1 2 3 4 5 |  5.3
Ice Magic      | 1 2 3 4 5 |  5.3
Air Magic      | 1 2 3 4 5 |  5.3
Earth Magic    | 1 2 3 4 5 |  5.3
Poison Magic   | 1 2 3 4 5 |  5.3
Fighting       | 3 4 5 6 7 |  7.0
Ranged Weapons | 5 6 7 8 |  8.0
Dodging        | 5 6 7 8 |  8.0
Hexes          | 6 7 |  7.7

Action                   |  1- 3 |  4- 6 |  7- 9 | 10-12 || total
-------------------------+-------+-------+-------+-------++-------
Melee: Dagger            |       |       |     5 |     3 ||     8
       Staff             |       |       |    80 |       ||    80
       Bite              |       |       |     8 |    14 ||    22
       Punch             |       |       |     3 |       ||     3
       Trident           |       |       |    14 |    28 ||    42
       Flail             |       |       |     9 |    46 ||    55
       Hand axe          |       |       |       |    19 ||    19
       Whip              |       |       |       |     9 ||     9
 Fire: Sling             |   113 |   323 |   192 |   246 ||   874
Throw: Javelin           |       |     6 |     5 |     3 ||    14
       Boomerang         |       |       |       |     2 ||     2
 Cast: Slow              |     3 |       |     1 |     2 ||     6
       Necrotise         |       |       |    16 |     1 ||    17
       Tukima's Dance    |       |       |    23 |    37 ||    60
       Ensorcelled Hiber |       |       |     8 |     4 ||    12
       Frozen Ramparts   |       |       |       |     3 ||     3
       Passwall          |       |       |       |     1 ||     1
       Apportation       |       |       |       |    40 ||    40
Invok: Slouch            |       |       |     1 |     1 ||     2
Evoke: Wand              |       |     2 |     3 |     2 ||     7
  Use: Scroll            |       |    13 |     5 |     3 ||    21
       Potion            |       |     4 |     2 |       ||     6
 Stab: Sleeping          |       |       |     4 |     2 ||     6
       Distracted        |       |       |     1 |     1 ||     2
Armor: Robe              |     6 |     2 |       |       ||     8
       Leather armour    |       |    19 |     7 |       ||    26
       Ring mail         |       |       |    45 |    36 ||    81
       Scale mail        |       |       |       |     3 ||     3
Dodge: Dodged            |    55 |   136 |   219 |   213 ||   623
Block: Other             |       |    35 |    26 |       ||    61
       Kite shield       |       |       |   134 |   149 ||   283

Table legend: (Time is in decaauts)
 A = Elapsed time spent in this place.
 B = Non-inter-level travel time spent in this place.
 C = Inter-level travel time spent in this place.
 D = Time resting spent in this place.
 E = Time spent auto-exploring this place.
 F = Levels seen in this place.
 G = Mean time per level.
                   A        B        C        D        E       F      G
               +--------+--------+--------+--------+--------+-----+--------+
         Total |  12986 |  12384 |    602 |   2702 |   6316 |  12 | 1082.2 |
       Dungeon |   9957 |   9377 |    580 |   1539 |   5682 |   9 | 1106.3 |
        Temple |    134 |    112 |     22 |      0 |      0 |   1 |  134.0 |
         Sewer |   1110 |   1110 |      0 |    541 |    192 |   1 | 1110.0 |
        Bailey |   1783 |   1783 |      0 |    621 |    442 |   1 | 1783.0 |
               +--------+--------+--------+--------+--------+-----+--------+

Top non-repeatable levels by time:
     D:6: 1827 daAuts
  Bailey: 1783 daAuts
     D:5: 1779 daAuts
     D:8: 1755 daAuts
     D:7: 1310 daAuts
   Sewer: 1110 daAuts
     D:4: 874 daAuts
     D:2: 788 daAuts
     D:1: 654 daAuts
     D:3: 554 daAuts
     D:9: 413 daAuts
  Temple: 134 daAuts
